 Dungeon Crawl Stone Soup version 0.19-a0-277-g85cb9a5 (webtiles) character file.

117 George the Slasher (level 4, 0/33 HPs)
             Began as a Demonspawn Gladiator on May 26, 2016.
             Slain by an orc wizard
             ... wielding a +0 dagger
              (2 damage)
             ... on level 3 of the Dungeon.
             The game lasted 00:02:32 (2442 turns).

George the Slasher (Demonspawn Gladiator)           Turns: 2442, Time: 00:02:33

Health: 0/33       AC:  4    Str: 16    XL:     4   Next: 71%
Magic:  4/4        EV: 12    Int: 15    God:
Gold:   184        SH:  0    Dex: 13    Spells: 0 memorised, 3 levels left

rFire  . . .     SeeInvis .     a - +0 long sword
rCold  . . .     Gourm    .     b - +0 leather armour
rNeg   . . .     Faith    .     (no shield)
rPois  .         Spirit   .     c - +0 helmet
rElec  .         Dismiss  .     (no cloak)
rCorr  .         Reflect  .     (no gloves)
SustAt .         Harm     .     (no boots)
MR     +....                    (no amulet)
Stlth  +.........               (no ring)
                                m - ring of protection from magic

@: brilliant, somewhat resistant to hostile enchantments, very unstealthy
A: hooves 1, sturdy frame 1
a: no special abilities


You were on level 3 of the Dungeon.
You were not hungry.

You visited 1 branch of the dungeon, and saw 3 of its levels.

You collected 184 gold pieces.

Inventory:

Hand Weapons
 a - a +0 long sword (weapon)
 l - a +0 short sword
Missiles
 d - 3 throwing nets (quivered)
Armour
 b - a +0 leather armour (worn)
 c - a +0 helmet (worn)
Jewellery
 m - a ring of protection from magic (left hand)
Scrolls
 g - 5 scrolls of identify {unknown}
 i - 5 scrolls of fog {unknown}
 j - a scroll of magic mapping {unknown}
 o - 2 scrolls of teleportation {unknown}
 p - a scroll of recharging {unknown}
 r - a scroll of enchant weapon {unknown}
 y - a scroll of enchant armour {unknown}
 z - a scroll of amnesia {unknown}
 A - a scroll of blinking {unknown}
 E - 3 scrolls of remove curse {unknown}
Potions
 h - a potion of degeneration {unknown}
 q - a potion of ambrosia {unknown}
 s - a potion of curing {unknown}
 t - a potion of heal wounds {unknown}
 u - a potion of lignification {unknown}
 w - a potion of brilliance
 B - a potion of agility {unknown}
 D - a potion of resistance {unknown}
 F - a potion of beneficial mutation {unknown}
Comestibles
 f - 2 bread rations
 k - 4 fruits
 n - a slice of pizza
 v - 3 meat rations
 C - a chunk of flesh


   Skills:
 - Level 2.0 Fighting
 + Level 5.0 Long Blades
 - Level 1.7 Throwing
 - Level 2.6 Dodging


You had 3 spell levels left.
You didn't know any spells.

Dungeon Overview and Level Annotations

Branches:
Dungeon (3/15)

Altars:
Ashenzari
Dithmenos
Fedhas
Gozag
Okawaru
The Shining One


Innate Abilities, Weirdness & Mutations

You have large cloven feet.
Your movements are slightly less encumbered by armour. (ER -2)


Message History

The orc barely misses you.
You barely miss the orc. You kick the orc, but do no damage.
The orc is severely wounded.
The orc hits you with a flail.
You slash the orc!
You kill the orc!
You barely miss something. You kick something.
Something hits you but does no damage. Something hits you.
You closely miss something. Your kick misses something.
You hear some strange, mumbled words.
A magic dart appears from out of thin air!
The magic dart hits you!
* * * LOW HITPOINT WARNING * * *
You barely miss something. You kick something. Something hits you.
* * * LOW HITPOINT WARNING * * *
Drink which item? (? for menu, Esc to quit)
It was a potion of brilliance.
You feel clever all of a sudden. Something hits you.
You die...

#. #.# # #.# .
#.# #.##.## #
#.#...####.#.#
#.......@)o..#
###...####......
##.## ######.
#.# #.. . #. #.#
#.# .## ...
##'## #.# ..#
#.# ##...## #.#
#.# # #.#
##.....##
#.###.##.# ##.##
##.......##
##........#


You could see an orc.

Vanquished Creatures
  An orc priest (D:3)
  3 adders
  A worm (D:2)
  2 dart slugs
  2 giant geckos (D:2)
  2 orcs (D:3)
  A giant cockroach (D:1)
  9 goblins
  2 hobgoblins
  5 jackals
  A ball python (D:3)
  7 bats
  2 giant newts (D:2)
  7 kobolds
  6 rats
51 creatures vanquished.

Notes
Turn   | Place    | Note
--------------------------------------------------------------
     0 | D:1      | George the Demonspawn Gladiator began the quest for the Orb.
     0 | D:1      | Reached XP level 1. HP: 16/16 MP: 1/1
   216 | D:1      | Reached skill level 3 in Long Blades
   424 | D:1      | Gained mutation: You have large cloven feet. [demonic ancestry]
   424 | D:1      | Reached XP level 2. HP: 22/22 MP: 2/2
  1214 | D:2      | Reached XP level 3. HP: 19/27 MP: 3/3
  1548 | D:2      | Found an opulent altar of Gozag.
  1601 | D:2      | Reached skill level 4 in Long Blades
  1989 | D:2      | Found a shattered altar of Ashenzari.
  1993 | D:2      | Found an iron altar of Okawaru.
  1993 | D:2      | Found a glowing golden altar of the Shining One.
  2004 | D:2      | Found a blossoming altar of Fedhas.
  2007 | D:2      | Found a shadowy altar of Dithmenos.
  2392 | D:3      | Gained mutation: Your movements are slightly less encumbered by armour. (ER -2) [demonic ancestry]
  2392 | D:3      | Reached XP level 4. HP: 29/33 MP: 4/4
  2434 | D:3      | Reached skill level 5 in Long Blades
  2442 | D:3      | Slain by an orc wizard

Vault maps used:
D:1:      co_arrival_square_in_a_square_in_a_square, serial_glass,
          glass_columns_b, glass_columns_b, glass_columns_c, glass_columns_c,
          glass_columns_b, glass_columns_b, glass_columns_c, glass_columns_b,
          glass_columns_a, glass_columns_b, glass_columns_a, glass_columns_b,
          glass_columns_a, glass_columns_c
D:2:      lemuel_coloured_pillars_altar, minmay_overflow_temple_star_hex,
          first_bread, minmay_misc_feat_room, serial_bayou_lagoon_a
D:3:      elyvilon_altar_1, minmay_cupped

Skill      XL: |  1  2  3  4 |
---------------+-------------+-----
Long Blades    | 3 4 5 |  5.0
Fighting       | |  2.0
Throwing       | |  1.7
Dodging        | |  2.6

Action                   |  1- 3 |  4- 6 || total
-------------------------+-------+-------++-------
Melee: Long sword        |   143 |    27 ||   170
       Kick              |    26 |     8 ||    34
  Use: Potion            |       |     1 ||     1
  Eat: Chunk             |     5 |       ||     5
Armor: Leather armour    |    50 |     9 ||    59
Dodge: Dodged            |   102 |    10 ||   112
